 Dungeon Crawl Stone Soup version 0.30-a0-738-g116ff8c4af (webtiles) character file.

Game seed: 7722125272328680704

333 purpskrrrp the Conjurer (level 6, -2/41 HPs)
             Began as a Demonspawn Conjurer on Feb 3, 2023.
             Slain by Duvessa
             ... wielding a +0 rapier
              (4 damage)
             ... on level 3 of the Dungeon.
             The game lasted 00:09:17 (3438 turns).

purpskrrrp the Conjurer (Demonspawn Conjurer)       Turns: 3438, Time: 00:09:17

Health: -2/41      AC:  8    Str:  6 (7)  XL:     6   Next: 27%
Magic:  7/10       EV: 12    Int: 18 (21) God:
Gold:   209        SH:  0    Dex: 10 (12) Spells: 4/11 levels left

rFire   . . .      SeeInvis .    l - +4 quarterstaff (chaos)
rCold   . . .      Faith    .    (shield currently unavailable)
rNeg    . . .      Spirit   .    a - +0 robe
rPois   .          Reflect  .    (helmet restricted)
rElec   .          Harm     .    k - +2 cloak {Stlth+}
rCorr   .          Rampage  .    e - +2 pair of gloves
Will    .....                    (no boots)
Stlth   +++                      (no amulet)
HPRegen 0.26/turn                j - ring of flight
MPRegen 0.12/turn                n - +4 ring of slaying

@: flying
A: horns 2, ignite blood 1, powered by death 1
a: no special abilities


You were on level 3 of the Dungeon.
You visited 1 branch of the dungeon, and saw 4 of its levels.

You collected 209 gold pieces.

Inventory:

Hand Weapons
 f - a +2 long sword
 g - a +0 short sword
 l - a +4 quarterstaff of chaos (weapon)
Armour
 a - a +0 robe (worn)
 e - a +2 pair of gloves (worn)
 h - a scarf of invisibility
 k - a +2 cloak of stealth (worn)
Jewellery
 j - a ring of flight (left hand)
 n - a +4 ring of slaying (right hand)
Wands
 i - a wand of charming (10)
Potions
 b - a potion of magic
 c - a potion of flight
 d - a potion of resistance


   Skills:
 + Level 3.0 Dodging
 + Level 3.2 Stealth
 + Level 3.1 Spellcasting
 * Level 5.6 Conjurations
 + Level 0.9 Hexes


You had 4 spell levels left.
You knew the following spells:

 Your Spells              Type           Power      Damage    Failure   Level
a - Magic Dart            Conj           92%        1d7       1%          1
b - Searing Ray           Conj           46%        2d6       2%          2
c - Fulminant Prism       Conj/Hex       7%         3d6       38%         4

Your spell library contained the following spells:

 Spells                   Type           Power      Damage    Failure   Level
 Dazzling Flash           Conj/Hex       28%        N/A       12%         3
 Inner Flame              Hex/Fire       4%         N/A       36%         3
 Flame Wave               Conj/Fire      13%        2d6       45%         4
 Iskenderun's Mystic Bla  Conj/Tloc      13%        2d5       45%         4
 Sticky Flame             Conj/Fire      13%        2d4       45%         4


Dungeon Overview and Level Annotations

Branches:
Dungeon (4/15)
 Temple: D:4-7

Altars:
Uskayaw

Annotations:
D:3 Dowan, Duvessa


Innate Abilities, Weirdness & Mutations

You have a pair of horns on your head.
Your demonic aura sometimes causes spilled blood to erupt in flames.
You regenerate a little health from kills.


Message History

Level annotation: Dowan, Duvessa
There is a stone staircase leading up here.
Casting: Magic Dart (safe; 1% risk of failure)
Confirm with . or Enter, or press ? or * to list all spells.
The spell is extremely dangerous to miscast (32% risk of failure)!
Continue anyway?
Aiming: Fulminant Prism (extremely dangerous; 32% risk of failure)
Press: ? - help, Dir - move target You conjure a prism of explosive energy!
A fulminant prism comes into view.
Duvessa zaps a wand.
The bolt of light hits you!
You are confused.
You're too confused to cast spells.
Duvessa attacks as you move away! Duvessa hits you with a +0 rapier.
Duvessa says, "My weaknesses are his strengths!"
Your fulminant prism crackles loudly.
You bump into the rock wall.
Duvessa zaps a wand.
The bolt of light misses you.
Your fulminant prism explodes!
You feel less confused. Duvessa says, "Did you see that move?
Perfect!"
Duvessa hits you with a +0 rapier. Dowan hits you with a +0 dagger.
There is a stone staircase leading up, spattered with blood here.
Duvessa hits you but does no damage. Dowan hits you but does no damage.
You fly upwards.
There is a stone staircase leading down here.
You aren't carrying any scrolls.
It was a potion of degeneration.
There was something very wrong with that liquid.
You feel weakened.
You feel dopey.
You feel clumsy. Duvessa hits you with a +0 rapier!
* * * LOW HITPOINT WARNING * * *
Dowan hits you with a +0 dagger.
* * * LOW HITPOINT WARNING * * *
Okay, then.
You aren't carrying any scrolls.
Aiming: Charm
Press: ? - help, Shift-Dir - straight line, f - Dowan
Aim: Dowan, wielding a +0 dagger and wearing a +0 robe (chance to affect: 49%) Dowan resists with some effort.
Duvessa hits you with a +0 rapier.
You die...

#.# #...........##.#####
#.# #..#######..##......
#.# #..# #..##.#####
#.######..# #..##.#
#<#.......#######..##.#####
#.#.####.#.........#.......
#.#.# ##.#.#######....#####
#...# #..#e# ###..# ##..#
#.##@# #..# #...# #.##e#
#..# #.)## #.##.# #..# #..#
#.##.# #..# #..#
#.##.#########..## #..#
#.##.#....[..#...## #..#
#>##.#.#####.#....###
#..####.##...# #........#
#............# #......#.#


You could see Duvessa and Dowan.

Vanquished Creatures
  Sigmund (D:2)
  Crazy Yiuf (D:3)
  An iguana (D:4)
  Terence (D:3)
  4 adders
  An ufetubus (D:4)
  3 worms (D:2)
  3 dart slugs
  3 orcs
  4 ball pythons (D:2)
  4 endoplasms
  A hobgoblin (D:4)
  4 jackals
  3 bats
  5 goblins
  A kobold (D:2)
  3 rats
43 creatures vanquished.

Vanquished Creatures (others)
  2 fulminant prisms (D:4)
  3 fungi (D:3)
5 creatures vanquished.

Grand Total: 48 creatures vanquished

Notes
Turn   | Place    | Note
-------+----------+-------------------------------------------
     0 | D:1      | purpskrrrp the Demonspawn Conjurer began the quest for the
                  | Orb.
     0 | D:1      | Reached XP level 1. HP: 13/13 MP: 3/3
   507 | D:1      | Gained mutation: You have a pair of small horns on your
                  | head. [demonic ancestry]
   507 | D:1      | Reached XP level 2. HP: 19/19 MP: 1/5
  1473 | D:2      | Noticed Sigmund
  1483 | D:2      | Reached XP level 3. HP: 24/24 MP: 4/6
  1501 | D:2      | Killed Sigmund
  1502 | D:2      | Reached skill level 5 in Conjurations
  1502 | D:2      | Gained mutation: Your demonic aura sometimes causes spilled
                  | blood to erupt in flames. [demonic ancestry]
  1502 | D:2      | Reached XP level 4. HP: 4/30 MP: 4/8
  1502 | D:2      | Gained mutation: You regenerate a little health from kills.
                  | [demonic ancestry]
  1502 | D:2      | Reached XP level 5. HP: 5/35 MP: 4/9
  1903 | D:2      | Learned a level 2 spell: Searing Ray
  1908 | D:2      | Learned a level 4 spell: Fulminant Prism
  2114 | D:3      | Found a hide-covered altar of Uskayaw.
  2197 | D:3      | Noticed Terence
  2201 | D:3      | Killed Terence
  2689 | D:3      | Found a runed translucent door.
  2690 | D:3      | Noticed Crazy Yiuf
  2699 | D:3      | Killed Crazy Yiuf
  2700 | D:3      | Gained mutation: You have a pair of horns on your head.
                  | [demonic ancestry]
  2700 | D:3      | Reached XP level 6. HP: 27/41 MP: 1/10
  3293 | D:4      | Noticed Duvessa
  3293 | D:4      | Noticed Dowan
  3437 | D:3      | HP: 2/41 [Dowan/+0 dagger (3)]
  3438 | D:3      | Slain by Duvessa

Illustrated notes

Levels and vault maps discovered:
D:1:      amcnicky_arrival_gap_in_the_tavern_cellar, layout_basic
D:2:      layout_basic, uniq_sigmund
D:3:      layout_loops_ring, nicolae_uskayaw_murder_on_the_dancefloor,
          uniq_terence, uniq_crazy_yiuf_cottage
D:4:      layout_cave_pods, uniq_duvessa, uniq_robin

Skill      XL: |  1  2  3  4  5 |
---------------+----------------+-----
Stealth        | 2 3 |  3.2
Dodging        | 2 3 |  3.0
Conjurations   | 5 |  5.6
Spellcasting   | 3 |  3.1
Hexes          | |  0.9

Action                     |  1- 3 |  4- 6 || total
---------------------------+-------+-------++-------
  Melee: Short sword       |    14 |       ||    14
         Long sword        |     8 |    22 ||    30
         Headbutt          |     1 |     8 ||     9
         Punch             |       |     1 ||     1
         Quarterstaff      |       |     4 ||     4
   Cast: Magic Dart        |    50 |    46 ||    96
         Searing Ray       |       |     3 ||     3
         Fulminant Prism   |       |     2 ||     2
  Evoke: Wand              |       |     1 ||     1
    Use: Scroll            |     6 |     1 ||     7
         Potion            |     2 |     1 ||     3
 Armour: Robe              |     1 |    11 ||    12
         Skin              |     4 |       ||     4
  Dodge: Dodged            |     9 |    19 ||    28

Table legend: (Time is in decaauts)
 A = Elapsed time spent in this place.
 B = Non-inter-level travel time spent in this place.
 C = Inter-level travel time spent in this place.
 D = Time resting spent in this place.
 E = Time spent auto-exploring this place.
 F = Levels seen in this place.
 G = Mean time per level.
                   A        B        C        D        E       F      G
               +--------+--------+--------+--------+--------+-----+--------+
         Total |   3451 |   3228 |    223 |    287 |   2531 |   4 |  862.8 |
       Dungeon |   3451 |   3228 |    223 |    287 |   2531 |   4 |  862.8 |
               +--------+--------+--------+--------+--------+-----+--------+

Top non-repeatable levels by time:
     D:3: 1137 daAuts
     D:2: 1067 daAuts
     D:1: 858 daAuts
     D:4: 387 daAuts
